[Event "Titled Tuesday Blitz November 15 Early 2022"]
[White "Rodriguez Fontecha, Marcos"]
[Black "Cardoso Cardoso, Jose Gabriel"]
[WhiteFideId "2256576"]
[BlackFideId "4430492"]
[WhiteElo "2263"]
[BlackElo "2484"]
[Result "1-0"]
[Round "04"]
[TimeControl "180+1"]
[Date "2022.11.16"]
[WhiteClock "0:00:32"]
[BlackClock "0:00:02"]

1. d4 Nf6 2. Nf3 g6 3. Bg5 Bg7 4. Nbd2 d5 5. e3 c5 6. c3 b6 7. Be2 Bb7 8. O-O O-O 9. b4 Nc6 10. bxc5 bxc5 11. Rb1 Bc8 12. Qa4 Bd7 13. Qa3 Qa5 14. Qxa5 Nxa5 15. Ne5 Be8 16. Bf4 Nc6 17. Rb7 Nxe5 18. Bxe5 Bc6 19. Rxe7 Rfe8 20. Rc7 Re6 21. Bxf6 Bxf6 22. Bf3 cxd4 23. cxd4 Rd8 24. Rc1 Bb5 25. Nb3 Bc4 26. Rxa7 Rb6 27. g3 h5 28. h4 Kg7 29. Na5 Bd3 30. Rcc7 Rf8 31. Bxd5 Rb1+ 32. Kg2 Bf1+ 33. Kh2 Rb2 34. Rxf7+ Kh6 35. Rxf8 Rxf2+ 36. Kg1 Rf5 37. Be4 Bxd4 38. Bxf5 Bxe3+ 39. Kxf1 Bxa7 1-0


[Site "https://www.chess.com"]

[Event "Titled Tuesday Blitz November 15 Early 2022"]
[White "Rohith Krishna S"]
[Black "Gurevich, Dmitry"]
[WhiteFideId "46617051"]
[BlackFideId "2000407"]
[WhiteElo "2270"]
[BlackElo "2506"]
[Result "0-1"]
[Round "04"]
[TimeControl "180+1"]
[Date "2022.11.16"]
[WhiteClock "0:01:09"]
[BlackClock "0:02:01"]

1. e4 c5 2. Nf3 d6 3. d4 cxd4 4. Nxd4 Nf6 5. Nc3 Nc6 6. Bg5 e6 7. Qd2 Be7 8. O-O-O O-O 9. Kb1 h6 10. Bxf6 Bxf6 11. Nxc6 bxc6 12. Qxd6 Qb6 13. Qd2 Rd8 14. Bd3 Rb8 15. Na4 Qd4 16. e5 Bxe5 17. c3 Qxa4 18. Bh7+ Kxh7 19. Qxd8 Rxb2+ 20. Kxb2 Qb4+ 0-1


[Site "https://www.chess.com"]

[Event "Titled Tuesday Blitz November 15 Early 2022"]
[White "Ronka, Erik"]
[Black "Manon-og, Ramon Jr."]
[WhiteFideId "505080"]
[BlackFideId "5200776"]
[WhiteElo "2264"]
[BlackElo "2310"]
[Result "1-0"]
[Round "04"]
[TimeControl "180+1"]
[Date "2022.11.16"]
[WhiteClock "0:00:53"]
[BlackClock "0:00:09"]

1. e4 c5 2. Nf3 d6 3. d4 cxd4 4. Nxd4 Nf6 5. Nc3 a6 6. Rg1 e5 7. Nb3 Nc6 8. g4 h6 9. h4 Be7 10. Be3 g6 11. Be2 h5 12. gxh5 Nxh5 13. Nd5 Bxh4 14. Bb6 Bxf2+ 15. Bxf2 Kf8 16. Qd2 Be6 17. O-O-O Bxd5 18. exd5 Ne7 19. Rh1 Rc8 20. Kb1 Qd7 21. Bxh5 gxh5 22. Qg5 Qf5 23. Qxf5 Nxf5 24. Nd2 h4 25. Ne4 h3 26. Rd3 h2 27. Rf3 Rh5 28. Ng3 Nxg3 29. Bxg3 Rc5 30. Rd3 e4 31. Bxd6+ Kg7 32. Rg3+ 1-0


[Site "https://www.chess.com"]

[Event "Titled Tuesday Blitz November 15 Early 2022"]
[White "Rosh Jain"]
[Black "Thorhallsson, Simon"]
[WhiteFideId "25789465"]
[BlackFideId "2310090"]
[WhiteElo "2233"]
[BlackElo "2109"]
[Result "0-1"]
[Round "04"]
[TimeControl "180+1"]
[Date "2022.11.16"]
[WhiteClock "0:00:03"]
[BlackClock "0:00:09"]

1. e4 c5 2. Nf3 d6 3. d4 cxd4 4. Nxd4 Nf6 5. Nc3 a6 6. Bc4 e6 7. Bb3 b5 8. Bg5 Be7 9. a3 O-O 10. Qd2 Bb7 11. f3 Nbd7 12. O-O-O Nc5 13. h4 Qc7 14. h5 Nxb3+ 15. Nxb3 Rfd8 16. Qd4 e5 17. Qf2 Rac8 18. Bxf6 Bxf6 19. Qe3 Qe7 20. Kb1 Bg5 21. Qf2 Rc7 22. g3 Rdc8 23. Na5 Ba8 24. Qb6 Qf6 25. f4 exf4 26. Rxd6 Qe7 27. gxf4 Bxf4 28. Rd3 Be5 29. Rhd1 Bxc3 30. bxc3 Bxe4 31. Rd4 f5 32. Kb2 Rxc3 33. Nb3 Rxc2+ 34. Ka1 Qxa3+ 35. Kb1 Qb2# 0-1


[Site "https://www.chess.com"]

[Event "Titled Tuesday Blitz November 15 Early 2022"]
[White "Sailer, Mike"]
[Black "Rostomyan, Mikayel"]
[WhiteFideId "2012901"]
[BlackFideId "13313754"]
[WhiteElo "2109"]
[BlackElo "2009"]
[Result "1-0"]
[Round "04"]
[TimeControl "180+1"]
[Date "2022.11.16"]
[WhiteClock "0:00:07"]
[BlackClock "0:00:10"]

1. Nf3 d5 2. c4 d4 3. b4 c5 4. bxc5 Nc6 5. d3 e5 6. Ba3 Bxc5 7. Bxc5 Qa5+ 8. Nbd2 Qxc5 9. g3 f5 10. Bg2 Nf6 11. O-O O-O 12. Nb3 Qe7 13. a4 Rd8 14. a5 e4 15. Nfd2 e3 16. fxe3 Qxe3+ 17. Kh1 Ng4 18. Qe1 Qh6 19. Nf3 Ne3 20. Rf2 Nc2 21. Qc1 Nxa1 22. Qxa1 Qe3 23. Qf1 Bd7 24. Nh4 g6 25. Nc5 Nxa5 26. Rf4 Bc6 27. Bxc6 Nxc6 28. Nxb7 Re8 29. Rf2 Ne5 30. Ng2 Qh6 31. Nf4 Ng4 32. Nd6 Nxf2+ 33. Qxf2 Red8 34. Qxd4 Rxd6 35. Qxd6 Qf8 36. Qd5+ Kh8 37. Ne6 Rd8 38. Qxd8 Qxd8 39. Nxd8 a5 40. Nc6 a4 41. Nb4 a3 42. c5 Kg8 43. c6 Kf7 44. c7 Ke7 45. c8=Q a2 46. Qc7+ 1-0


[Site "https://www.chess.com"]

[Event "Titled Tuesday Blitz November 15 Early 2022"]
[White "Salman, Pavel"]
[Black "Vasques, Antonio Pedro Freixial"]
[WhiteFideId "24153753"]
[BlackFideId "1908332"]
[WhiteElo "2187"]
[BlackElo "2243"]
[Result "0-1"]
[Round "04"]
[TimeControl "180+1"]
[Date "2022.11.16"]
[WhiteClock "0:00:08"]
[BlackClock "0:01:03"]

1. d4 Nf6 2. Nc3 d5 3. Bf4 g6 4. Nb5 Na6 5. e3 c6 6. Nc3 Nc7 7. h4 Bg7 8. h5 Bf5 9. h6 Bf8 10. f3 Ne6 11. Be5 g5 12. g4 Bg6 13. Nge2 Rg8 14. Ng3 Nd7 15. Nf5 Nxe5 16. dxe5 Qc7 17. Nxd5 Qxe5 18. Qd3 Qxd5 19. Qxd5 cxd5 20. Bb5+ Kd8 21. O-O-O Nc7 22. Ba4 e6 23. Nd4 Bc5 24. e4 Bxd4 25. Rxd4 Ke7 26. exd5 Nxd5 27. Re1 Nb6 28. Bb3 Rgd8 29. Rb4 Rac8 30. a4 Rc7 31. Rb5 Kf6 32. f4 Nd5 33. fxg5+ Kxg5 34. Rh1 a6 35. Ra5 b6 36. Rxa6 Bxc2 37. Bxc2 Rxc2+ 38. Kb1 Rdc8 39. Ra7 Rf2 40. a5 Rcc2 41. axb6 Rxb2+ 42. Ka1 Rxb6 43. Rc1 Kxh6 44. Ra8 Kg7 45. g5 Nb4 46. g6 hxg6 47. Ra7 Ra6+ 48. Rxa6 Nxa6 49. Rc6 Nb4 50. Rb6 Nd3 51. Kb1 Rb2+ 0-1


[Site "https://www.chess.com"]

[Event "Titled Tuesday Blitz November 15 Early 2022"]
[White "Samarth, J Rao"]
[Black "Bulatova, Kamaliya"]
[WhiteFideId "46652370"]
[BlackFideId "34111546"]
[WhiteElo "1564"]
[BlackElo "2039"]
[Result "0-1"]
[Round "04"]
[TimeControl "180+1"]
[Date "2022.11.16"]
[WhiteClock "0:00:05"]
[BlackClock "0:01:47"]

1. c4 g6 2. d4 Bg7 3. e4 d6 4. f4 c5 5. d5 e5 6. fxe5 Bxe5 7. Nf3 Bg7 8. Bd3 Nf6 9. O-O O-O 10. Nc3 a6 11. a4 Ng4 12. h3 Ne5 13. Nxe5 Bxe5 14. Bh6 Re8 15. Qf3 Qe7 16. Rae1 Nd7 17. Bd2 Nf6 18. Bg5 Kg7 19. Bxf6+ Bxf6 20. e5 Bxe5 21. Ne4 f5 0-1


[Site "https://www.chess.com"]

[Event "Titled Tuesday Blitz November 15 Early 2022"]
[White "Samunenkov, Ihor"]
[Black "Bluebaum, Matthias"]
[WhiteFideId "14187086"]
[BlackFideId "24651516"]
[WhiteElo "2441"]
[BlackElo "2633"]
[Result "0-1"]
[Round "04"]
[TimeControl "180+1"]
[Date "2022.11.15"]
[WhiteClock "0:00:01"]
[BlackClock "0:00:05"]

1. d4 Nf6 2. g3 d5 3. Nf3 e6 4. Bg2 Be7 5. c4 O-O 6. O-O c6 7. Qc2 b6 8. b3 Nbd7 9. Rd1 Bb7 10. Nc3 Ba6 11. Bf4 h6 12. Qd3 c5 13. dxc5 bxc5 14. Nb5 Bxb5 15. cxb5 Qb6 16. Ne5 Nxe5 17. Bxe5 Ng4 18. Bc3 Rad8 19. h3 Nf6 20. a4 Qb8 21. Rac1 Rc8 22. e4 c4 23. bxc4 dxc4 24. Qe2 e5 25. Rc2 Rfd8 26. Rcd2 Rxd2 27. Rxd2 Qc7 28. h4 Bc5 29. Bh3 Re8 30. Kg2 Bb6 31. Rc2 Rd8 32. Bb2 Bd4 33. Rxc4 Qb6 34. Bxd4 Rxd4 35. Rc6 Qa5 36. Ra6 Qc3 37. Rxa7 Rd2 38. Ra8+ Kh7 39. Qf3 Qxf3+ 40. Kxf3 Rd3+ 41. Ke2 Ra3 42. b6 Rb3 43. a5 g6 44. f3 Kg7 45. Rb8 Nh5 0-1


[Site "https://www.chess.com"]

[Event "Titled Tuesday Blitz November 15 Early 2022"]
[White "Sanchez Enriquez, Oscar Gerardo"]
[Black "Quintiliano Pinto, Renato R."]
[WhiteFideId "5106311"]
[BlackFideId "2117568"]
[WhiteElo "2375"]
[BlackElo "2472"]
[Result "1/2-1/2"]
[Round "04"]
[TimeControl "180+1"]
[Date "2022.11.16"]
[WhiteClock "0:01:11"]
[BlackClock "0:01:19"]

1. e4 e6 2. d4 d5 3. Nc3 Nf6 4. Bg5 dxe4 5. Nxe4 Be7 6. Bxf6 Bxf6 7. Nf3 Nd7 8. Bc4 c5 9. c3 cxd4 10. Nxf6+ Qxf6 11. Qxd4 Qxd4 12. Nxd4 a6 13. Be2 g6 14. O-O-O Ke7 15. Rhe1 Rd8 16. f4 Nb6 17. Bf3 Rb8 18. g3 h5 19. b3 Bd7 20. c4 Rdc8 21. Kb2 Rc7 22. Re5 Be8 23. Re2 Kf6 24. Red2 Nd7 25. a4 Nc5 26. h4 b5 27. cxb5 axb5 28. a5 Rd8 29. Nc2 Rdc8 30. Nb4 Ra7 31. Ra1 Ke7 32. Rc2 Rac7 33. Rac1 Kd6 34. a6 Bd7 35. Rd1+ Ke7 36. Rdc1 Kd6 37. Rd1+ Ke7 38. Rdc1 Kd6 1/2-1/2


[Site "https://www.chess.com"]

[Event "Titled Tuesday Blitz November 15 Early 2022"]
[White "Santos Flores, Alberto"]
[Black "Atakhan, Abtin"]
[WhiteFideId "3601234"]
[BlackFideId "22502203"]
[WhiteElo "2235"]
[BlackElo "2298"]
[Result "0-1"]
[Round "04"]
[TimeControl "180+1"]
[Date "2022.11.16"]
[WhiteClock "0:00:05"]
[BlackClock "0:00:59"]

1. e4 c5 2. Nf3 d6 3. Bb5+ Nd7 4. c3 Nf6 5. Qe2 a6 6. Bd3 b5 7. Bc2 c4 8. b3 Qc7 9. bxc4 bxc4 10. O-O Bb7 11. Na3 Rc8 12. Rb1 Ba8 13. Rb4 Nb6 14. Qe3 Nfd7 15. d4 cxd3 16. Bxd3 Nc5 17. Bc2 e5 18. Bd2 Be7 19. Rfb1 Nbd7 20. Nc4 O-O 21. Nb6 Nxb6 22. Rxb6 Rb8 23. Rxb8 Rxb8 24. Rxb8+ Qxb8 25. Bc1 h6 26. Nd2 Bg5 27. Qe2 Bxd2 28. Bxd2 Qb2 29. Bd1 Qxa2 30. f3 Qa1 31. Kf2 Bc6 32. Qc4 Qxd1 0-1


[Site "https://www.chess.com"]

[Event "Titled Tuesday Blitz November 15 Early 2022"]
[White "Santos Ruiz, Miguel"]
[Black "Krishnan, Varun"]
[WhiteFideId "22291482"]
[BlackFideId "5054508"]
[WhiteElo "2503"]
[BlackElo "2572"]
[Result "1-0"]
[Round "04"]
[TimeControl "180+1"]
[Date "2022.11.16"]
[WhiteClock "0:00:28"]
[BlackClock "0:00:05"]

1. e4 c5 2. Nf3 Nc6 3. d4 cxd4 4. Nxd4 e5 5. Nb5 d6 6. c4 Be7 7. N5c3 f5 8. exf5 Bxf5 9. Bd3 Be6 10. Nd5 Nf6 11. Nbc3 O-O 12. O-O Nd4 13. Be3 Nf5 14. Nxf6+ Bxf6 15. Qe2 Bg5 16. Be4 Nxe3 17. fxe3 Qb6 18. Rxf8+ Rxf8 19. Re1 Bg4 20. Qd2 Be6 21. Bd5 Bxd5 22. Nxd5 Qc5 23. Qd3 Qa5 24. Ra1 a6 25. a4 Qc5 26. b4 Qa7 27. a5 h6 28. Rf1 Qb8 29. Rxf8+ Qxf8 30. Qf1 Qxf1+ 31. Kxf1 Kf7 32. Ke2 Ke6 33. Kf3 Kf5 34. g4+ Ke6 35. Ke4 g6 36. b5 axb5 37. cxb5 Kd7 38. a6 bxa6 39. bxa6 Kc6 40. h3 h5 41. gxh5 gxh5 42. Kf5 Bd8 43. e4 h4 44. Ke6 Bg5 45. Kf7 Bd2 46. Ke7 Be1 47. Kd8 Bf2 48. Kc8 Kb5 49. Kb7 Bc5 50. a7 Bxa7 51. Kxa7 Kc4 52. Kb6 Kd4 53. Nf6 Ke3 54. Kc6 Kf3 55. Kxd6 Kg3 56. Kxe5 Kxh3 57. Kf4 Kg2 58. e5 h3 59. Ng4 h2 60. Nxh2 Kxh2 61. e6 1-0


[Site "https://www.chess.com"]

[Event "Titled Tuesday Blitz November 15 Early 2022"]
[White "Sarana, Alexey"]
[Black "Garcia Ramos, Daniel"]
[WhiteFideId "24133795"]
[BlackFideId "32010311"]
[WhiteElo "2708"]
[BlackElo "2357"]
[Result "1-0"]
[Round "04"]
[TimeControl "180+1"]
[Date "2022.11.16"]
[WhiteClock "0:01:45"]
[BlackClock "0:00:24"]

1. c4 e6 2. Nc3 d5 3. d4 Nf6 4. cxd5 exd5 5. Bf4 c6 6. e3 Bd6 7. Bxd6 Qxd6 8. Bd3 O-O 9. Nge2 Re8 10. Qd2 Nbd7 11. O-O Nf8 12. f3 Ne6 13. Rad1 c5 14. Bc2 Bd7 15. dxc5 Qxc5 16. Bb3 Bc6 17. Rfe1 a5 18. a3 Qb6 19. Ba2 Re7 20. Nd4 Nxd4 21. Qxd4 Qxb2 22. Nxd5 Qxa2 23. Nxe7+ Kh8 24. Nf5 Qxa3 25. e4 a4 26. e5 Nd5 27. e6 Qc3 28. exf7 Qxd4+ 29. Rxd4 g6 30. Rxd5 gxf5 31. Re8+ Rxe8 32. fxe8=Q+ Bxe8 33. Rd8 Kg7 34. Rxe8 1-0


[Site "https://www.chess.com"]

[Event "Titled Tuesday Blitz November 15 Early 2022"]
[White "Sariego Figueredo, Wilfredo"]
[Black "Zeydan, Salih"]
[WhiteFideId "3500080"]
[BlackFideId "6361722"]
[WhiteElo "2309"]
[BlackElo "1988"]
[Result "1-0"]
[Round "04"]
[TimeControl "180+1"]
[Date "2022.11.16"]
[WhiteClock "0:00:51"]
[BlackClock "0:00:36"]

1. d4 Nf6 2. Bf4 d5 3. e3 e6 4. Bd3 Bd6 5. Bg3 O-O 6. Nf3 c5 7. c3 Qc7 8. Ne5 Nbd7 9. f4 a6 10. Nd2 b5 11. O-O b4 12. Bh4 Rb8 13. g4 Bb7 14. g5 Ne4 15. Bxe4 dxe4 16. Ndc4 Bxe5 17. Nxe5 Nxe5 18. fxe5 bxc3 19. bxc3 cxd4 20. cxd4 Bd5 21. Be1 Rb2 22. a3 a5 23. Rc1 Qb6 24. Rc5 a4 25. Qxa4 Ra2 26. Bb4 Ra8 27. Qd1 g6 28. Rf2 R2xa3 29. Bxa3 Rxa3 30. Rc8+ Kg7 31. Rxf7+ Kxf7 32. Qf1+ Ke7 33. Qf8+ 1-0


[Site "https://www.chess.com"]

[Event "Titled Tuesday Blitz November 15 Early 2022"]
[White "Sharifov, Mekhriddin"]
[Black "Ter-Sahakyan, Samvel"]
[WhiteFideId "14701545"]
[BlackFideId "13302531"]
[WhiteElo "2109"]
[BlackElo "2584"]
[Result "1-0"]
[Round "04"]
[TimeControl "180+1"]
[Date "2022.11.16"]
[WhiteClock "0:00:08"]
[BlackClock "0:00:07"]

1. e4 c6 2. d4 d5 3. Nc3 dxe4 4. Nxe4 Bf5 5. Ng3 Bg6 6. h4 h6 7. Nf3 e6 8. Ne5 Bh7 9. Bd3 Bxd3 10. Qxd3 Nd7 11. Bf4 Qa5+ 12. c3 Ngf6 13. O-O Nxe5 14. Bxe5 Be7 15. f4 Rd8 16. Qe2 O-O 17. f5 Rde8 18. fxe6 fxe6 19. Nh5 Qd5 20. c4 Qd8 21. Nf4 Bd6 22. Ng6 Rf7 23. Rad1 a6 24. b3 b5 25. Kh1 Bc7 26. Rd3 Nh7 27. Rdf3 Rxf3 28. Qxf3 Qd7 29. Qf4 Bxe5 30. Qxe5 Nf6 31. Re1 Qf7 32. h5 Ng4 33. Qg3 Nf6 34. Qf3 bxc4 35. bxc4 Rd8 36. Rd1 c5 37. dxc5 Rc8 38. c6 Qc7 39. Kg1 Kh7 40. Qd3 Qb6+ 41. Kh1 Ng4 42. Ne7+ Kh8 43. Nxc8 Nf2+ 44. Kh2 Qc7+ 45. Qd6 Qa5 46. Qd8+ Qxd8 47. Rxd8+ Kh7 48. Ne7 Ng4+ 49. Kg3 Nf6 50. c7 Ne4+ 51. Kf4 Nc5 52. c8=Q 1-0


[Site "https://www.chess.com"]

[Event "Titled Tuesday Blitz November 15 Early 2022"]
[White "Shuvalov, Evgenij"]
[Black "Hambleton, Aman"]
[WhiteFideId "4187237"]
[BlackFideId "2606577"]
[WhiteElo "2049"]
[BlackElo "2538"]
[Result "0-1"]
[Round "04"]
[TimeControl "180+1"]
[Date "2022.11.16"]
[WhiteClock "0:00:11"]
[BlackClock "0:00:04"]

1. d4 b6 2. e4 Bb7 3. Bd3 e6 4. Nf3 d5 5. e5 Ba6 6. Bxa6 Nxa6 7. c3 Qd7 8. O-O Ne7 9. Na3 c5 10. Nc2 Nb8 11. b4 cxb4 12. cxb4 Qa4 13. Qe2 Nbc6 14. a3 Nf5 15. Bf4 Be7 16. Rfc1 O-O 17. g4 Nh4 18. Nxh4 Bxh4 19. g5 Ne7 20. Ne3 Ng6 21. Bg3 Bxg5 22. Rc7 Rfc8 23. Rac1 Rxc7 24. Rxc7 Bd8 25. Rc3 Qd7 26. Qc2 Ne7 27. Bh4 h6 28. Bxe7 Qxe7 29. Rc8 Rxc8 30. Qxc8 Qc7 31. Qa8 Kh7 32. b5 Bg5 33. Kg2 Bxe3 34. fxe3 Qc2+ 35. Kf3 Qe4+ 36. Kf2 Qc2+ 37. Kf3 Qxh2 38. Qxa7 Qh1+ 39. Kf2 Qh2+ 40. Kf3 Qh3+ 41. Kf2 Qf5+ 42. Ke2 Qc2+ 43. Kf3 Qd3 44. a4 h5 45. a5 Qf1+ 46. Kg3 Qg1+ 47. Kf3 Qf1+ 48. Kg3 bxa5 49. b6 Qg1+ 50. Kf3 h4 51. b7 h3 52. b8=Q h2 53. Ke2 h1=Q 54. Kd2 Qc1+ 55. Kd3 Qhd1# 0-1


[Site "https://www.chess.com"]

[Event "Titled Tuesday Blitz November 15 Early 2022"]
[White "Shuvalova, Polina"]
[Black "Valle Maytin, Luis Enrique"]
[WhiteFideId "24171760"]
[BlackFideId "3503666"]
[WhiteElo "2342"]
[BlackElo "2225"]
[Result "1-0"]
[Round "04"]
[TimeControl "180+1"]
[Date "2022.11.16"]
[WhiteClock "0:00:04"]
[BlackClock "0:00:18"]

1. d4 Nf6 2. Nf3 e6 3. Bf4 d5 4. e3 Bd6 5. Nbd2 O-O 6. c3 c5 7. Bd3 Nc6 8. Bg3 b6 9. Qe2 Bb7 10. e4 dxe4 11. Nxe4 Nxe4 12. Qxe4 g6 13. O-O-O Bxg3 14. hxg3 c4 15. Bc2 Qc7 16. Ng5 h5 17. Rxh5 Nb4 18. Rh8+ Kxh8 19. Rh1+ Kg7 20. Rh7+ Kf6 21. Qh4 Ke7 22. Nxf7+ Ke8 23. Bxg6 Nd3+ 24. Kb1 Rxf7 25. Bxf7+ Kf8 26. Qh6+ Ke7 27. Bxe6+ Kd6 28. Rxc7 Be4 29. Ka1 Kxc7 30. Bxc4 Re8 31. Qg7+ Kd8 32. a4 Nc1 33. Bb5 Re7 34. Qf8+ Kc7 35. Qxe7+ 1-0


[Site "https://www.chess.com"]

[Event "Titled Tuesday Blitz November 15 Early 2022"]
[White "Sipila, Vilka"]
[Black "Ibadov, Dashgyn"]
[WhiteFideId "505455"]
[BlackFideId "24107514"]
[WhiteElo "2347"]
[BlackElo "2208"]
[Result "1-0"]
[Round "04"]
[TimeControl "180+1"]
[Date "2022.11.16"]
[WhiteClock "0:01:01"]
[BlackClock "0:01:17"]

1. d4 Nf6 2. Bf4 d5 3. Nf3 c5 4. e3 Nc6 5. Nbd2 Bg4 6. h3 Bxf3 7. Nxf3 e6 8. Bb5 Nd7 9. c4 dxc4 10. O-O cxd4 11. Nxd4 e5 12. Nxc6 bxc6 13. Bxc6 exf4 14. exf4 Rc8 15. Re1+ Be7 16. Qd6 Rxc6 17. Qxc6 O-O 18. Rad1 Nb8 19. Qxc4 Bd6 20. Qd4 Bc7 21. Qxa7 Bd6 22. Qd4 Bc7 23. Qxd8 Bxd8 24. b4 g6 25. a4 Nc6 26. Re4 Bf6 27. Rd6 1-0


[Site "https://www.chess.com"]

[Event "Titled Tuesday Blitz November 15 Early 2022"]
[White "Sourath Biswas"]
[Black "Mejia, Cherry Ann"]
[WhiteFideId "35091484"]
[BlackFideId "5206880"]
[WhiteElo "2164"]
[BlackElo "2007"]
[Result "0-1"]
[Round "04"]
[TimeControl "180+1"]
[Date "2022.11.16"]
[WhiteClock "0:00:12"]
[BlackClock "0:00:05"]

1. d4 d5 2. Bf4 c5 3. e3 Nc6 4. Nf3 Nf6 5. Nbd2 cxd4 6. exd4 Bf5 7. c3 Qb6 8. Qb3 Qxb3 9. axb3 Rc8 10. b4 a6 11. Nb3 e6 12. Nc5 Bxc5 13. bxc5 O-O 14. Nd2 Rfe8 15. Bd6 e5 16. dxe5 Nxe5 17. Kd1 Neg4 18. Bg3 Rxc5 19. Nb3 Rcc8 20. Nd4 Bg6 21. Be2 Ne5 22. Re1 h6 23. Bh4 Ne4 24. f3 Nc5 25. f4 Nc4 26. f5 Ne3+ 27. Kd2 Nxf5 28. Bg4 Nxd4 29. Bxc8 Rxc8 30. cxd4 Nb3+ 31. Ke3 Nxa1 32. Rxa1 Rc2 33. Bg3 Rxb2 34. Kf4 Rxg2 35. Ke5 Be4 36. Kd6 Rc2 37. Kd7 g5 38. Be5 Kh7 39. Rf1 f5 40. Rg1 Kg6 41. Rg3 a5 42. Rb3 f4 43. Rb6+ Kh5 44. Bg7 Kg4 45. Rxh6 f3 46. h3+ Kf4 47. Rf6+ Ke3 48. Bh6 f2 49. Bxg5+ Kxd4 50. Bh4 Bd3 51. Bxf2+ Kc4 52. Bb6 a4 53. Rf4+ Kb5 54. Bc7 Bc4 55. Rd4 a3 56. Bd6 a2 57. Rd1 Rb2 58. Be5 Rb1 59. Rd2 a1=Q 60. Bxa1 Rxa1 61. Rb2+ Kc5 62. h4 b5 63. h5 Ra7+ 64. Kc8 Rh7 65. h6 Rxh6 66. Kd8 b4 67. Rf2 Rh3 68. Rh2 Rxh2 0-1


[Site "https://www.chess.com"]

[Event "Titled Tuesday Blitz November 15 Early 2022"]
[White "Stijve, Theo"]
[Black "Levitan, Caleb Levi"]
[WhiteFideId "1331132"]
[BlackFideId "14332620"]
[WhiteElo "2256"]
[BlackElo "1963"]
[Result "0-1"]
[Round "04"]
[TimeControl "180+1"]
[Date "2022.11.16"]
[WhiteClock "0:01:12"]
[BlackClock "0:01:36"]

1. c4 e6 2. Nc3 d5 3. d4 a6 4. cxd5 exd5 5. Bf4 c5 6. e3 Nc6 7. Nf3 Nf6 8. Be2 Be7 9. dxc5 Bxc5 10. O-O O-O 11. Rc1 Be7 12. Nd4 Nxd4 13. Qxd4 Be6 14. Bf3 Qd7 15. Rfd1 Rfd8 16. h3 Rac8 17. Na4 Rxc1 18. Rxc1 Rc8 19. Rd1 Qb5 20. b3 Rc2 21. Rd2 Rc1+ 22. Kh2 Qf1 23. Nc5 Bxc5 0-1


[Site "https://www.chess.com"]

[Event "Titled Tuesday Blitz November 15 Early 2022"]
[White "Storey, Charles H"]
[Black "Makhmudov, Shukhrat"]
[WhiteFideId "406686"]
[BlackFideId "14200775"]
[WhiteElo "2252"]
[BlackElo "2135"]
[Result "0-1"]
[Round "04"]
[TimeControl "180+1"]
[Date "2022.11.16"]
[WhiteClock "0:00:03"]
[BlackClock "0:00:18"]

1. c4 Nf6 2. g3 d5 3. cxd5 Nxd5 4. Nf3 Nc6 5. Bg2 g6 6. h4 h5 7. Nc3 Nxc3 8. bxc3 Bg7 9. Qb3 O-O 10. Ng5 Ne5 11. d4 Ng4 12. f3 Nf6 13. e4 c5 14. d5 Nd7 15. f4 b5 16. e5 Qb6 17. Be3 Nxe5 18. fxe5 Bxe5 19. Bf2 c4 20. Qc2 Bxg3 21. O-O Qd6 22. Bxg3 Qxg3 23. Qf2 Qxc3 24. d6 Bf5 25. dxe7 Rfe8 26. Bxa8 Rxa8 27. Rae1 Re8 28. Re3 Qd4 29. Rf3 Qg4+ 30. Rg3 Qxh4 31. Nf3 Qe4 32. Re1 Qf4 33. Ng5 Qh4 34. Qxf5 Qxg3+ 35. Kh1 Qxe1+ 36. Kh2 gxf5 0-1


[Site "https://www.chess.com"]

[Event "Titled Tuesday Blitz November 15 Early 2022"]
[White "Stribuk, Artiom"]
[Black "Caruana, Fabiano"]
[WhiteFideId "13515659"]
[BlackFideId "2020009"]
[WhiteElo "2371"]
[BlackElo "2847"]
[Result "0-1"]
[Round "04"]
[TimeControl "180+1"]
[Date "2022.11.15"]
[WhiteClock "0:00:02"]
[BlackClock "0:00:23"]

1. d4 Nf6 2. c4 e6 3. g3 Bb4+ 4. Bd2 a5 5. Bg2 d5 6. Nf3 dxc4 7. Qc2 O-O 8. Qxc4 b6 9. Bxb4 Ba6 10. Qc2 axb4 11. O-O Qe7 12. Rc1 Rc8 13. Ne5 Ra7 14. a3 Bb5 15. e3 c5 16. Nd2 bxa3 17. bxa3 Nbd7 18. Qb2 Ba4 19. Nd3 Rac7 20. dxc5 Nxc5 21. Nxc5 Rxc5 22. Ne4 Nxe4 23. Bxe4 f5 24. Bf3 Qf6 25. Qd2 h6 26. Kg2 Kh7 27. Rxc5 bxc5 28. Rc1 c4 29. Qc3 e5 30. Be2 Bc6+ 31. Kg1 Ba8 32. Rd1 Qc6 33. f3 Qe6 34. Kf2 f4 35. exf4 exf4 36. gxf4 Qh3 37. Rg1 Qxh2+ 38. Rg2 Qh4+ 39. Kf1 Qe7 40. Bxc4 Kh8 41. Qd4 Bxf3 42. Rg3 Bb7 43. Be2 Re8 44. Qd2 Qh4 45. Qc3 Qe7 46. Qd2 Bc8 47. Kf2 Bf5 48. Bf3 Qc5+ 49. Kg2 Qe7 50. Qf2 Rc8 51. Bd1 Be4+ 52. Kg1 Rc1 53. Qd2 Qc5+ 54. Kh2 Qc7 55. Bb3 Rh1# 0-1


[Site "https://www.chess.com"]

[Event "Titled Tuesday Blitz November 15 Early 2022"]
[White "Svane, Frederik"]
[Black "Melian, Juan Sebastian"]
[WhiteFideId "12923044"]
[BlackFideId "3706575"]
[WhiteElo "2466"]
[BlackElo "2044"]
[Result "1-0"]
[Round "04"]
[TimeControl "180+1"]
[Date "2022.11.15"]
[WhiteClock "0:01:59"]
[BlackClock "0:00:16"]

1. e4 c6 2. d4 d5 3. exd5 cxd5 4. c3 Nc6 5. Nf3 Nf6 6. Ne5 Bd7 7. Bd3 e6 8. O-O Qb6 9. f4 Bd6 10. Nd2 Nxe5 11. fxe5 Bxe5 12. Kh1 Bd6 13. a4 h5 14. Nf3 Qc7 15. a5 a6 16. Qe2 h4 17. Bg5 Nh5 18. Ne5 Bxe5 19. dxe5 Bc6 20. Bxh4 g6 21. Rae1 Qxa5 22. Qg4 Rg8 23. Rxf7 1-0


[Site "https://www.chess.com"]

[Event "Titled Tuesday Blitz November 15 Early 2022"]
[White "Svane, Rasmus"]
[Black "Donchenko, Alexander"]
[WhiteFideId "4657101"]
[BlackFideId "24603295"]
[WhiteElo "2674"]
[BlackElo "2572"]
[Result "1-0"]
[Round "04"]
[TimeControl "180+1"]
[Date "2022.11.15"]
[WhiteClock "0:00:25"]
[BlackClock "0:00:02"]

1. Nf3 Nf6 2. g3 g6 3. Bg2 Bg7 4. O-O O-O 5. d4 d6 6. Re1 Bf5 7. Nbd2 d5 8. Nh4 Be6 9. c3 Nbd7 10. e4 dxe4 11. Nxe4 Nxe4 12. Bxe4 c6 13. Bg2 Bd5 14. Bxd5 cxd5 15. Bg5 Re8 16. Nf3 Qb6 17. Re2 e6 18. h4 Nf6 19. Bxf6 Bxf6 20. h5 Qc7 21. Kg2 b5 22. Qd2 a5 23. Rh1 Bg7 24. hxg6 hxg6 25. Qg5 Qd8 26. Qg4 Qf6 27. Re3 Qf5 28. Qh4 Bf6 29. Qh7+ Kf8 30. Ne5 Bxe5 31. Rf3 Qxf3+ 32. Kxf3 Bf6 33. Qh6+ Kg8 34. Qf4 Bg7 35. Rc1 Reb8 36. a3 Bf8 37. Kg2 Rb7 38. Qf3 Rba7 39. Qd3 Rb7 40. Rc2 Rab8 41. Re2 Bd6 42. Rxe6 fxe6 43. Qxg6+ Kh8 44. Qxe6 Bf8 45. Qxd5 Bg7 46. Qd6 Rb6 47. Qc5 Re6 48. Qc7 Ra8 49. Qd7 Re2 50. Qxb5 Rd2 51. Qh5+ 1-0


[Site "https://www.chess.com"]

[Event "Titled Tuesday Blitz November 15 Early 2022"]
[White "Szpar, Milosz"]
[Black "Gu, Xiaobing"]
[WhiteFideId "1184989"]
[BlackFideId "8602611"]
[WhiteElo "2422"]
[BlackElo "2174"]
[Result "1-0"]
[Round "04"]
[TimeControl "180+1"]
[Date "2022.11.16"]
[WhiteClock "0:00:56"]
[BlackClock "0:00:17"]

1. e4 c5 2. c3 Nf6 3. e5 Nd5 4. Nf3 Nc6 5. Bc4 Nb6 6. Bb3 c4 7. Bc2 d5 8. exd6 Qxd6 9. O-O Bg4 10. Re1 e6 11. b3 Be7 12. Na3 cxb3 13. axb3 Ne5 14. Be4 O-O 15. h3 Bh5 16. g4 Nxg4 17. hxg4 Bxg4 18. d4 Nd5 19. Nc4 Nxc3 20. Qd3 Qc7 21. Qxc3 f5 22. Nfe5 fxe4 23. Nxg4 b5 24. Qa5 Qc6 25. Nce5 Qc2 26. Be3 h5 27. Nh2 Bh4 28. Ra2 Qc8 29. Ng6 Qd8 30. Qxd8 1-0


[Site "https://www.chess.com"]